 Dungeon Crawl Stone Soup version 0.26.1-10-gdfb7c7de75 (webtiles) character file.

Game seed: 4877828040754368035

1205 MalarOregon the Sneak (level 8, -2/52 HPs)
             Began as a Halfling Hedge Wizard on Apr 4, 2021.
             Was a Believer of Fedhas.
             Killed by nerve-wracking pain
             ... invoked by an orc priest
              (11 damage)
             ... on level 5 of the Dungeon.
             The game lasted 00:13:12 (10694 turns).

MalarOregon the Sneak (Halfling Hedge Wizard)      Turns: 10694, Time: 00:13:13

Health: -2/52      AC:  6    Str: 13    XL:     8   Next: 73%
Magic:  13/13      EV: 15    Int: 12    God:    Fedhas [**....]
Gold:   242        SH:  0    Dex: 14    Spells: 9/14 levels left

rFire    . . .     SeeInvis .   i - +0 short sword (flame)
rCold    . . .     Faith    .   (shield restricted)
rNeg     . . .     Spirit   .   t - +1 ring mail {rPois}
rPois    +         Reflect  .   c - +0 hat
rElec    .         Harm     .   (no cloak)
rCorr    .         Rampage  .   (no gloves)
Will     .....                  (no boots)
Stlth    ++........             (no amulet)
HPRegen  0.17/turn              (no ring)
MPRegen  0.13/turn              (no ring)

@: no status effects
A: small, mutation resistance 1
a: Renounce Religion, Wall of Briars


You were on level 5 of the Dungeon.
You worshipped Fedhas.
Fedhas was pleased with you.
You visited 1 branch of the dungeon, and saw 5 of its levels.

You collected 242 gold pieces.

Inventory:

Hand Weapons
 i - a +0 short sword of flaming (weapon)
   (You took it off a kobold on level 1 of the Dungeon)
Missiles
 u - 12 poisoned darts
Armour
 c - a +0 hat (worn)
 t - a +1 ring mail of poison resistance (worn)
   (You found it on level 3 of the Dungeon)
Scrolls
 b - a scroll of amnesia {unknown}
 d - 3 scrolls of enchant armour {unknown}
 f - a scroll of random uselessness {unknown}
 h - 6 scrolls of remove curse {unknown}
 j - a scroll of magic mapping {unknown}
 k - a scroll of fear {unknown}
 l - 4 scrolls of fog {unknown}
 n - 4 scrolls of teleportation {unknown}
 o - 2 scrolls of enchant weapon {unknown}
 p - 2 scrolls of blinking {unknown}
 q - 2 scrolls of immolation {unknown}
 v - a scroll of identify {@r1}
Potions
 a - 2 potions of magic
 e - a potion of haste {unknown}
 g - 2 potions of lignification {!q}
 m - 3 potions of curing {@q1}
 r - a potion of heal wounds {@q2}
 s - a potion of invisibility
 w - a potion of ambrosia {unknown}


   Skills:
 + Level 3.2 Fighting
 + Level 4.4 Short Blades
 + Level 3.8 Armour
 + Level 4.6 Dodging
 + Level 5.0 Stealth
 + Level 3.7 Spellcasting
 - Level 0.7 Conjurations
 - Level 0.7 Summonings
 - Level 1.1 Translocations
 + Level 3.0 Invocations


You had 9 spell levels left.
You knew the following spells:

 Your Spells              Type           Power        Failure   Level
a - Magic Dart            Conj           12%          34%         1
b - Blink                 Tloc           N/A          41%         2
x - Call Imp              Summ           3%           47%         2

Your spell library contained the following spells:

 Spells                   Type           Power        Failure   Level
 Slow                     Hex            2%           56%         2
 Gell's Gravitas          Tloc           2%           65%         3
 Conjure Flame            Conj/Fire      3%           77%         3
 Mephitic Cloud           Conj/Pois/Air  2%           77%         3
 Confusing Touch          Hex            2%           80%         3
 Petrify                  Tmut/Erth      2%           99%         4
 Metabolic Englaciation   Hex/Ice        1%           100%        5
 Yara's Violent Unravell  Hex/Tmut       1%           100%        5


Dungeon Overview and Level Annotations

Branches:
Dungeon (5/15)
 Temple: D:4-7

Altars:
Elyvilon
Fedhas
Gozag

Shops:
D:4 }

Annotations:
D:5 3 runed translucent doors, Cleetus's ghost, novice FoFi; Jaiteiro's ghost, novice TrFi; sixsigma's ghost, novice DDFi


Innate Abilities, Weirdness & Mutations

You are small and have problems with some larger weapons.
You are somewhat resistant to further mutation.


Message History

You kill the orc priest!
Fedhas accepts your kill. The orc priest closely misses you.
Your Invocations skill increases to level 3!
You barely miss the orc priest. The orc priest hits you with a +0 whip.
You hit the orc priest but do no damage.
The orc priest hits you but does no damage.
You hit the orc priest but do no damage.
The orc priest invokes the aid of Beogh against you.
Beogh smites you!
* * * LOW HITPOINT WARNING * * *
You barely miss the orc priest. The orc priest barely misses you.
You hit the orc priest. You burn the orc priest.
The orc priest barely misses you.
You hit the orc priest. You burn the orc priest.
You hit the orc priest but do no damage.
The orc priest misses you.
You hit the orc priest. You burn the orc priest.
The orc priest hits you but does no damage.
You closely miss the orc priest. The orc priest misses you.
You closely miss the orc priest.
The orc priest hits you but does no damage.
You barely miss the orc priest.
The orc priest begins to cast a cantrip, but forgets the words!
You hit the orc priest but do no damage.
The orc priest invokes the aid of Beogh against you.
You struggle to resist.
You hit the orc priest but do no damage.
You barely miss the orc priest. The orc priest closely misses you.
You completely miss the orc priest. The orc priest misses you.
You hit the orc priest but do no damage.
The orc priest barely misses you.
You hit the orc priest but do no damage.
The orc priest hits you but does no damage.
You hit the orc priest. You burn the orc priest.
The orc priest calls down the wrath of Beogh upon you.
Pain shoots through your body!
* * * LOW HITPOINT WARNING * * *
You closely miss the orc priest. The orc priest hits you with a +0 whip.
* * * LOW HITPOINT WARNING * * *
You hit the orc priest but do no damage.
The orc priest hits you but does no damage.
You hit the orc priest but do no damage.
The orc priest hits you but does no damage.
You hit the orc priest but do no damage.
You hit the orc priest but do no damage.
The orc priest calls down the wrath of Beogh upon you.
Pain shoots through your body!
You die...
Fedhas appreciates your contribution to the ecosystem.

#....#.⌠P(##
#....#######
#..........#
#..........###
##8..8##.....#
#.....##.(##)# ..
###..###..##.# .##
..... #..##+## ..
###..# #.@....##.#
.... #.)o...#..#
.#.# ##.
##.....#..###.#.
#.##.....o.....
#.##)..##.# #..
#.##.#.>..# #o#
#... #.#### #.#
#.####....# #o#
#....)....###.####


You could see an orc priest.

Vanquished Creatures
  3 sky beasts (D:4)
  2 centaurs
  A scorpion (D:5)
  A howler monkey (D:5)
  3 hounds
  2 jellies (D:5)
  A gnoll shaman (D:3)
  An orc priest (D:5)
  A centaur skeleton (D:4)
  Natasha (thrice) (D:3)
  3 worker ants (D:4)
  6 gnolls
  10 adders
  2 adder skeletons
  5 worms
  3 dart slugs
  2 leopard geckos
  6 orcs
  14 bats
  4 giant cockroaches
  10 goblins
  8 hobgoblins
  7 jackals (D:2)
  7 quokkas
  A ball python (D:3)
  7 frilled lizards
  8 kobolds
  3 rats
124 creatures vanquished.

Vanquished Creatures (collateral kills)
  An orc wizard (D:3)
  A giant cockroach (D:3)
  A kobold (D:1)
  A rat (D:3)
4 creatures vanquished.

Vanquished Creatures (others)
  A withered plant (D:5)
1 creature vanquished.

Grand Total: 129 creatures vanquished

Notes
Turn   | Place    | Note
-------+----------+-------------------------------------------
     0 | D:1      | MalarOregon the Halfling Hedge Wizard began the quest for
                  | the Orb.
     0 | D:1      | Reached XP level 1. HP: 11/11 MP: 3/3
   359 | D:1      | Reached XP level 2. HP: 12/18 MP: 1/5
   806 | D:1      | Learned a level 2 spell: Call Imp
  1663 | D:1      | Reached XP level 3. HP: 22/22 MP: 6/6
  1698 | D:1      | Reached skill level 1 in Armour
  1988 | D:1      | Reached skill level 1 in Fighting
  2675 | D:2      | Reached skill level 1 in Short Blades
  2675 | D:2      | Reached XP level 4. HP: 26/28 MP: 0/8
  3212 | D:2      | Learned a level 2 spell: Blink
  3509 | D:2      | Noticed a centaur
  3524 | D:2      | Killed a centaur
  3525 | D:2      | Reached skill level 3 in Stealth
  3525 | D:2      | Reached XP level 5. HP: 8/33 MP: 7/9
  4640 | D:3      | Noticed Natasha
  4641 | D:3      | Killed Natasha
  4642 | D:3      | Reached XP level 6. HP: 39/39 MP: 10/10
  4783 | D:3      | Found a blossoming altar of Fedhas.
  4810 | D:3      | Found an opulent altar of Gozag.
  5133 | D:3      | Became a worshipper of Fedhas Madash
  5243 | D:3      | Found a faded altar of an unknown god.
  5293 | D:3      | Noticed Natasha
  5310 | D:3      | Killed Natasha
  5391 | D:3      | Noticed Natasha
  5399 | D:3      | Killed Natasha
  6417 | D:3      | Reached * piety under Fedhas
  6424 | D:3      | Reached skill level 1 in Invocations
  6681 | D:4      | Reached XP level 7. HP: 28/45 MP: 11/11
  7937 | D:4      | Reached skill level 4 in Stealth
  8509 | D:4      | Found Diw Ytoe's Gadget Shoppe.
  8774 | D:4      | Found a white marble altar of Elyvilon.
  9045 | D:5      | Entered Level 5 of the Dungeon
  9463 | D:4      | Reached XP level 8. HP: 43/51 MP: 11/13
 10606 | D:5      | Reached ** piety under Fedhas
 10607 | D:5      | Reached skill level 5 in Stealth
 10616 | D:5      | Found a runed translucent gate.
 10617 | D:5      | Found a runed translucent gate.
 10618 | D:5      | Found a runed translucent gate.
 10619 | D:5      | Noticed Cleetus's ghost (novice FoFi)
 10620 | D:5      | Noticed Jaiteiro's ghost (novice TrFi)
 10620 | D:5      | Noticed sixsigma's ghost (novice DDFi)
 10694 | D:5      | Killed from afar by an orc priest

Illustrated notes

Levels and vault maps discovered:
D:1:      ncdulo_smallfort, layout_basic, glass_columns_a, minmay_hexomino_f4
D:2:      layout_loops_corners
D:3:      layout_loops_ring, nicolae_gozag_seed_capital, fedhas_altar_1,
          chequers_ecumenical_altar_simple, uniq_natasha
D:4:      layout_layer_cave, kennysheep_little_box, serial_shops,
          nicolae_shop_statue_plus
D:5:      layout_basic, minitemple, gammafunk_ghost_cemetery, st_stairs_6,
          minmay_misc_feat_cross

Skill      XL: |  1  2  3  4  5  6  7  8 |
---------------+-------------------------+-----
Armour         | 1 2 3 |  3.8
Fighting       | 1 2 3 |  3.2
Short Blades   | 1 2 3 4 |  4.4
Dodging        | 3 4 |  4.6
Stealth        | 3 4 5 |  5.0
Spellcasting   | 3 |  3.7
Invocations    | 1 2 3 |  3.0
Conjurations   | |  0.7
Summonings     | |  0.7
Translocations | |  1.1

Action                   |  1- 3 |  4- 6 |  7- 9 || total
-------------------------+-------+-------+-------++-------
Melee: Dagger            |    62 |       |       ||    62
       Short sword       |    62 |   260 |   359 ||   681
 Cast: Magic Dart        |    52 |    23 |    45 ||   120
       Call Imp          |     1 |     3 |       ||     4
  Use: Scroll            |       |     5 |       ||     5
 Stab: Sleeping          |       |     3 |       ||     3
Armor: Robe              |     8 |       |       ||     8
       Leather armour    |    30 |    24 |       ||    54
       Ring mail         |       |    44 |    84 ||   128
Dodge: Dodged            |   136 |   195 |   229 ||   560
